 Dungeon Crawl Stone Soup version 0.31.0-32-g396128a36d (webtiles) character file.

Game seed: 12265776541962011106

35753 Tearjerker the Fighter (level 13, -9/117 HPs)
             Began as an Octopode Shapeshifter on Mar 25, 2024.
             Mangled by a large slime creature (26 damage)
             ... on level 9 of the Dungeon.
             The game lasted 00:31:05 (16930 turns).

Tearjerker the Fighter (Octopode Shapeshifter)     Turns: 16930, Time: 00:31:06

Health: -9/117     AC: 13    Str: 24    XL:     13   Next: 85%
Magic:  17/17      EV: 17    Int: 21    God:
Gold:   861        SH:  0    Dex: 14    Spells: 6/18 levels left

rFire   + .          .
                       - Unarmed
rCold   . . .        (shield currently unavailable)
rNeg    . . .        g - melded +2 hat
rPois   +            M - amulet of regeneration
rElec   .            z - ring of wizardry
rCorr   +            Z - ring of wizardry
SInv    .            o - ring of Impatience {rF+ rCorr EV+5}
Will    .....        P - ring of poison resistance
Stlth   +            S - +6 ring of strength
HPRegen 1.19/turn    I - +6 ring of intelligence
MPRegen 0.15/turn    T - +4 ring of protection
                     (no ring)

%: wizardry (x2)
@: snake-form
A: constrict, boosted hp, almost no armour, amphibious, 8 rings, large,
(camouflage 1), (gelatinous body 1), (nimble swimmer 1), (tentacles)
a: Begin Untransformation


You were on level 9 of the Dungeon.
You were an enormous serpent.
You visited 3 branches of the dungeon, and saw 15 of its levels.
You also visited: Gauntlet.

You collected 962 gold pieces.
You spent 101 gold pieces at shops.


Innate Abilities, Weirdness & Mutations

You are an enormous serpent.
You have a powerful constriction melee attack.
Your maximum health is increased.
Your armour is entirely melded.
You are incapable of wielding weapons or throwing items.
You cannot wear most types of armour.
You are amphibious.
You can wear up to eight rings at the same time.
((Your skin changes colour to match your surroundings (Stealth+).))
((Your rubbery body absorbs attacks. (AC +1, EV +1)))
((You are camouflaged when in or above water. (Stealth+)))
((You have tentacles for arms and can constrict up to eight enemies at once.))


   Skills:
 + Level 12.5 Fighting
 + Level 5.4 Dodging
 + Level 10.6 Unarmed Combat
 - Level 3.0 Spellcasting
 - Level 5.0 Conjurations
 - Level 6.0 Fire Magic
 - Level 5.0 Ice Magic
 - Level 5.0 Air Magic
 - Level 2.0 Alchemy
 - Level 4.0 Evocations
 - Level 11.0 Shapeshifting


You had 6 spell levels left.
You knew the following spells:

 Your Spells              Type           Power      Damage    Failure   Level
f - Freezing Cloud        Conj/Ice/Air   12%        6-21      13%         5
m - Mephitic Cloud        Conj/Alch/Air  19%        N/A       2%          3
X - Ignite Poison         Fire/Alch      19%        N/A       7%          4

Your spell library contained the following spells:

 Spells                   Type           Power      Damage    Failure   Level
 Mercury Vapours          Alch/Air       34%        N/A       1%          2
 Static Discharge         Conj/Air       48%        3-5/arc   1%          2
 Frozen Ramparts          Ice            48%        1d8       1%          3
 Cigotuvi's Dreadful Rot  Necr/Alch/Air  24%        N/A       2%          2
 Necrotise                Necr           12%        1d4       3%          1
 Inner Flame              Hex/Fire       15%        N/A       3%          3
 Dazzling Flash           Conj/Hex       26%        N/A       4%          3
 Stone Arrow              Conj/Erth      26%        3d8       4%          3
 Airstrike                Air            12%        2d(2-18)  4%          4
 Flame Wave               Conj/Fire      26%        2d8       4%          4
 Lesser Beckoning         Tloc           6%         N/A       5%          2
 Sticky Flame             Fire/Alch      19%        2d6       7%          4
 Gell's Gravitas          Tloc           3%         N/A       11%         3
 Teleport Other           Tloc           3%         N/A       11%         3
 Tukima's Dance           Hex            3%         N/A       11%         3
 Vampiric Draining        Necr           3%         2d6       11%         3
 Iskenderun's Mystic Bla  Conj/Tloc      13%        2d5       13%         4
 Summon Lightning Spire   Summ/Air       13%        N/A       13%         4
 Leda's Liquefaction      Alch/Erth      3%         N/A       22%         4
 Petrify                  Alch/Erth      7%         N/A       22%         4
 Animate Dead             Necr           3%         N/A       32%         4
 Dimensional Bullseye     Hex/Tloc       1%         N/A       32%         4
 Martyr's Knell           Necr/Summ      3%         N/A       32%         4
 Metabolic Englaciation   Hex/Ice        6%         N/A       32%         5
 Silence                  Hex/Air        6%         N/A       32%         5
 Curse of Agony           Necr           3%         N/A       63%         5
 Dispersal                Tloc           1%         N/A       99%         6
 Haunt                    Necr/Summ      1%         N/A       100%        7
 Infestation              Necr           1%         N/A       100%        8
 Lehudib's Crystal Spear  Conj/Erth      6%         10d3      100%        8
 Animate Armour           Summ/Erth      Unusable   N/A       N/A         4

Inventory:

Missiles
 a - 10 curare-tipped darts {=f}
Armour
 g - a +2 hat (melded)
Jewellery
 o - the ring of Impatience (on tentacle) {rF+ rCorr EV+5}
   (You found it on level 3 of the Dungeon)

   [ring of evasion]

   EV+5:      It affects your evasion (+5).
   rF+:       It protects you from fire.
   rCorr:     It protects you from acid and corrosion.
 z - a ring of wizardry (left tentacle)
 C - a ring of ice
 I - a +6 ring of intelligence (on tentacle)
 M - an amulet of regeneration (around neck)
 P - a ring of poison resistance (on tentacle)
 S - a +6 ring of strength (on tentacle)
 T - a +4 ring of protection (on tentacle)
 Y - the ring "Leam Rapp" {Will+ rCorr Int+6 SInv Stlth+}
   (You took it off a minotaur in a Gauntlet)

   [ring of intelligence]

   Int+6:     It affects your intelligence (+6).
   Will+:     It increases your willpower.
   SInv:      It lets you see invisible.
   rCorr:     It protects you from acid and corrosion.
   Stlth+:    It makes you more stealthy.
 Z - a ring of wizardry (right tentacle)
Talismans
 F - a serpent talisman (active)
 W - a talisman of death
Wands
 i - a wand of roots (38)
 q - a wand of paralysis (15)
 t - a wand of flame (44)
 R - a wand of mindburst (21)
 V - a wand of polymorph (4)
Scrolls
 c - a scroll of enchant armour {unknown}
 d - 3 scrolls of revelation {unknown}
 j - 2 scrolls of enchant weapon {unknown}
 l - 3 scrolls of poison {unknown}
 m - 2 scrolls of blinking
 n - 4 scrolls of teleportation {unknown}
 s - 3 scrolls of fog {unknown}
 u - 2 scrolls of fear {unknown}
 v - a scroll of amnesia {unknown}
 y - 2 scrolls of vulnerability {unknown}
 A - 2 scrolls of summoning {unknown}
 D - a scroll of noise {unknown}
 H - 5 scrolls of immolation {unknown}
 Q - 2 scrolls of brand weapon {unknown}
Potions
 b - a potion of invisibility {unknown}
 e - a potion of attraction {unknown}
 f - 4 potions of enlightenment
 r - 5 potions of curing {@q1}
 x - 3 potions of haste {@q3}
 B - a potion of berserk rage {!q}
 E - 3 potions of resistance
 G - a potion of brilliance
 J - a potion of mutation
 L - 2 potions of degeneration
 N - a potion of cancellation

Dungeon Overview and Level Annotations

Branches:
Dungeon (12/15)            Temple (1/1) D:7            Lair (2/5) D:9
    Orc (0/2) D:11        Gauntlet (visited)
  Swamp: Lair:2-3    Shoals: Lair:2-3     Snake: Lair:2-3    Spider: Lair:2-3

Altars:
Ashenzari
Cheibriados
Dithmenos
Elyvilon
Fedhas
Gozag
Hepliaklqana
Kikubaaqudgha
Makhleb
Nemelex Xobeh
Okawaru
Qazlal
Ru
Sif Muna
Trog
Uskayaw
Vehumet
Wu Jian
Xom
Yredelemnul
Zin
The Shining One
Jiyva

Shops:
D:6 :*   D:9 *

Portals:
Trove: D:10 (give +5 demon blade)

Annotations:
D:5 4 runed translucent doors, Crazy Yiuf; asasucksnuts's ghost, novice MiBe
D:9 seawaffle's ghost, novice TrFi

.....................##
......................#
..................▒▒▒▒▒
.........#.......▒▒...▒▒
........###......▒.....▒▒##
.......#####.....'.....)▒.##
........###......')...[⚑▒..##
####.....#.....JWJJ....$▒...##
####............S▒.....▒▒....#
####.............▒▒...▒▒.....#
####.......)......▒▒▒▒▒......#
####.........................#
.............................#
.............................#
.............................#
.............................#
......)......................#


You could see a large slime creature, 2 jellies and seawaffle's ghost.


Message History

You are too injured to fight recklessly!
Unknown command.
You are too injured to fight recklessly!
Unknown command.
You are too injured to fight recklessly!
Unknown command.
You miss seawaffle's ghost.
Seawaffle's ghost is moderately damaged.
The large slime creature hits you!
* * * LOW HITPOINT WARNING * * *
Seawaffle's ghost hits you!
* * * LOW HITPOINT WARNING * * *
You closely miss seawaffle's ghost.
Seawaffle's ghost is moderately damaged.
The large slime creature misses you.
Unknown command.
You closely miss seawaffle's ghost.
Seawaffle's ghost is moderately damaged.
Seawaffle's ghost misses you.
You body-slam seawaffle's ghost!!
Seawaffle's ghost is heavily damaged.
The large slime creature barely misses you.
Seawaffle's ghost hits you!!
* * * LOW HITPOINT WARNING * * *
The jelly jiggles.
The jelly completely misses you.
You hit seawaffle's ghost.
Seawaffle's ghost is severely damaged.
The large slime creature hits you!!
You die...

Skill      XL: |  1  2  3  4  5  6  7  8  9 10 11 12 13 |
---------------+----------------------------------------+-----
Fighting       | 2 3 4 5 6 7 8 10 12 | 12.5
Shapeshifting  | 4 5 6 7 8 10 11 | 11.0
Spellcasting   | 1 2 3 |  3.0
Conjurations   | 1 2 5 |  5.0
Air Magic      | 1 2 3 5 |  5.0
Alchemy        | 1 2 |  2.0
Unarmed Combat | 5 7 8 10 | 10.6
Evocations     | 4 |  4.0
Fire Magic     | 5 6 |  6.0
Dodging        | 4 5 |  5.4
Ice Magic      | 1 5 |  5.0

Action                     |  1- 3 |  4- 6 |  7- 9 | 10-12 | 13-15 || total
---------------------------+-------+-------+-------+-------+-------++-------
  Melee: Unarmed           |    60 |   110 |   280 |   573 |   272 ||  1295
         Constrict         |    12 |    27 |    62 |   114 |    67 ||   282
         Tentacles         |    10 |    24 |    88 |    39 |       ||   161
         Punch             |     3 |     3 |     4 |       |       ||    10
  Throw: Dart              |       |     2 |     4 |       |       ||     6
   Cast: Mephitic Cloud    |       |       |     1 |     4 |     2 ||     7
         Ignite Poison     |       |       |       |     1 |     2 ||     3
    Use: Potion            |       |       |     2 |     1 |     3 ||     6
         Scroll            |       |       |       |     9 |     2 ||    11
   Stab: Sleeping          |     6 |     4 |     4 |       |       ||    14
         Confused          |       |       |     1 |       |       ||     1
         Distracted        |       |       |       |     2 |     2 ||     4
 Armour: Skin              |    19 |    30 |    84 |   401 |   160 ||   694
  Dodge: Dodged            |    35 |    65 |   200 |   484 |   246 ||  1030
   Form: Flux              |       |       |     1 |       |       ||     1
         Serpent           |       |       |       |     1 |       ||     1

Levels and vault maps discovered:
D:1:      dpeg_arrival_tiny_a, layout_loops_ring
D:2:      minmay_door_path, layout_basic, minmay_divided_ellipse
D:3:      minmay_chambers_of_threes, layout_basic, uniq_sigmund, uniq_jessica
D:4:      layout_loops_ring, uniq_blork_the_orc, uniq_edmund, uniq_duvessa,
          uniq_ijyb
D:5:      layout_rooms, gammafunk_ghost_split, feat_on_display, uniq_menkaure,
          uniq_crazy_yiuf_cottage
D:6:      layout_loops_ring, grunt_temple_overflow_open,
          mainiacjoe_overflow_chevrons, serial_shops, shop, solitary_fountain,
          nicolae_shop_i_like_small_books_too, minmay_misc_feat_secret_circle,
          uniq_maggie
D:7:      layout_basic, minmay_temple_entry_drinking_statues
D:8:      layout_basic
D:9:      layout_big_octagon, gammafunk_ghost_ooze,
          serial_library_hellmonk_secret_room, nicolae_shop_clearance,
          uniq_jeremiah
D:10:     layout_basic, mainiacjoe_overflow_catwalk,
          mainiacjoe_overflow_surrounded_room, mainiacjoe_overflow_tiny_flanked,
          enter_trove_0, minmay_misc_feat_pillars
D:11:     layout_roguey, david_orc_4, gauntlet_entry_generic,
          lemuel_zombie_altar_yredelemnul, uniq_josephine, uniq_snorg, uniq_urug
D:12:     layout_loops_ring, uniq_gastronok
Temple:   nicolae_temple_x_marks_the_god
Lair:1:   layout_layer_cave, st_stairs_5
Lair:2:   layout_roguey [special_room_bee], enter_volcano_4,
          grunt_forest_large_clearing_hut, grunt_megastairs_4, uniq_nergalle

Notes
Turn   | Place    | Note
-------+----------+-------------------------------------------
     0 | D:1      | Tearjerker the Octopode Shapeshifter began the quest for
                  | the Orb.
     0 | D:1      | Reached XP level 1. HP: 13/13 MP: 1/1
   248 | D:1      | Reached skill level 2 in Fighting
   248 | D:1      | Reached XP level 2. HP: 19/19 MP: 2/2
   959 | D:2      | Reached XP level 3. HP: 22/25 MP: 3/3
  1025 | D:2      | Reached skill level 3 in Fighting
  1324 | D:2      | Reached XP level 4. HP: 27/33 MP: 4/4
  1326 | D:2      | Reached skill level 4 in Fighting
  1765 | D:3      | Reached XP level 5. HP: 32/37 MP: 5/5
  1811 | D:3      | Identified the ring of Impatience {rF+ rCorr EV+5}
  1851 | D:3      | Noticed Sigmund
  1859 | D:3      | Killed Sigmund
  1860 | D:3      | Reached skill level 4 in Shapeshifting
  1860 | D:3      | Reached XP level 6. HP: 38/44 MP: 6/6
  2192 | D:3      | Reached skill level 5 in Fighting
  2301 | D:3      | Noticed Jessica
  2749 | D:3      | Killed Jessica
  2750 | D:3      | Reached skill level 5 in Shapeshifting
  2934 | D:4      | Noticed Edmund
  2973 | D:4      | Noticed Dowan
  3000 | D:4      | Killed Edmund
  3001 | D:4      | Reached XP level 7. HP: 31/50 MP: 7/7
  3181 | D:4      | Noticed Blork the orc
  3199 | D:4      | Killed Blork the orc
  3395 | D:4      | Noticed Ijyb
  3410 | D:4      | HP: 4/51 [constriction (3)]
  3411 | D:4      | Killed Ijyb
  3660 | D:4      | Learned a level 3 spell: Mephitic Cloud
  4070 | D:4      | Reached skill level 6 in Fighting
  4070 | D:4      | Reached skill level 1 in Spellcasting
  4070 | D:4      | Reached skill level 1 in Conjurations
  4070 | D:4      | Reached skill level 1 in Air Magic
  4070 | D:4      | Reached skill level 1 in Alchemy
  4078 | D:4      | Reached skill level 6 in Shapeshifting
  4078 | D:4      | Reached XP level 8. HP: 42/57 MP: 7/9
  4189 | D:4      | Noticed Duvessa
  4209 | D:4      | Killed Dowan
  4244 | D:4      | Killed Duvessa
  4245 | D:4      | Reached skill level 2 in Alchemy
  4345 | D:5      | Entered Level 5 of the Dungeon
  4404 | D:5      | Reached skill level 4 in Unarmed Combat
  4622 | D:5      | Found a runed translucent gate.
  4622 | D:5      | Found a runed translucent gate.
  4622 | D:5      | Found a runed translucent gate.
  4626 | D:5      | Noticed asasucksnuts's ghost (novice MiBe)
  4650 | D:5      | Reached skill level 1 in Evocations
  4698 | D:5      | Reached skill level 2 in Evocations
  4822 | D:5      | Noticed Menkaure
  4829 | D:5      | Killed Menkaure
  4830 | D:5      | Reached skill level 5 in Unarmed Combat
  4830 | D:5      | Reached skill level 3 in Evocations
  4830 | D:5      | Reached skill level 7 in Shapeshifting
  4965 | D:5      | Reached skill level 4 in Evocations
  4965 | D:5      | Reached XP level 9. HP: 62/62 MP: 10/10
  5065 | D:5      | Found a runed translucent door.
  5066 | D:5      | Noticed Crazy Yiuf
  5292 | D:6      | Noticed Maggie
  5297 | D:6      | Killed Maggie
  5298 | D:6      | Reached skill level 2 in Conjurations
  5447 | D:6      | Found a shimmering altar of Xom.
  5502 | D:6      | Found Kepig's Tiny Tomes.
  5514 | D:6      | Found a sparkling altar of Nemelex Xobeh.
  5515 | D:6      | Found a radiant altar of Vehumet.
  5516 | D:6      | Found an iron altar of Okawaru.
  5517 | D:6      | Found a glowing silver altar of Zin.
  5517 | D:6      | Found a basalt altar of Yredelemnul.
  5517 | D:6      | Found an ornate altar of the Wu Jian Council.
  5610 | D:6      | Found Rude's Assorted Antiques.
  5618 | D:6      | Bought a scroll labelled ZOCOSAQA DOSKU for 35 gold pieces
  5618 | D:6      | Bought a ruby potion for 31 gold pieces
  5618 | D:6      | Bought a scroll labelled LYIBYH VEPTIA for 35 gold pieces
  5627 | D:6      | Reached skill level 6 in Unarmed Combat
  5686 | D:6      | Reached skill level 7 in Fighting
  5686 | D:6      | Reached skill level 2 in Air Magic
  6193 | D:7      | Found a staircase to the Ecumenical Temple.
  6230 | Temple   | Entered the Ecumenical Temple
  6337 | D:7      | Reached skill level 7 in Unarmed Combat
  6735 | D:7      | Reached skill level 8 in Shapeshifting
  7290 | D:8      | Reached XP level 10. HP: 60/71 MP: 11/11
  7596 | D:8      | Reached skill level 9 in Shapeshifting
  8650 | D:8      | Reached skill level 10 in Shapeshifting
  9506 | D:9      | Found a staircase to the Lair.
  9533 | D:9      | Noticed Jeremiah
  9762 | D:9      | Killed Jeremiah
  9763 | D:9      | Reached skill level 8 in Fighting
  9763 | D:9      | Reached skill level 8 in Unarmed Combat
  9763 | D:9      | Reached XP level 11. HP: 72/72 MP: 12/12
  9832 | D:9      | Found Keutojonal's CLEARANCE SALE!.
 10080 | D:9      | Noticed a deep elf pyromancer
 10093 | D:9      | Killed a deep elf pyromancer
 10094 | D:9      | Reached skill level 11 in Shapeshifting
 10098 | D:9      | HP: 9/92 [gnoll/+0 spear[a gnoll sergeant] (6)]
 10102 | D:9      | Found a runed translucent gate.
 10102 | D:9      | Found a runed translucent gate.
 10347 | D:9      | Learned a level 4 spell: Ignite Poison
 10458 | D:9      | Found a runed translucent gate.
 10461 | D:9      | Noticed seawaffle's ghost (novice TrFi)
 10462 | D:9      | Found a viscous altar of Jiyva.
 10664 | D:10     | Entered Level 10 of the Dungeon
 10677 | D:10     | Found a portal to a secret trove of treasure.
 10746 | D:10     | Found a shimmering blue altar of Sif Muna.
 10808 | D:10     | Found a stormy altar of Qazlal.
 10852 | D:10     | Reached skill level 1 in Fire Magic
 11215 | D:10     | Found an opulent altar of Gozag.
 11243 | D:10     | Reached skill level 2 in Fire Magic
 11512 | D:11     | Noticed a two-headed ogre
 11525 | D:11     | Killed a two-headed ogre
 11526 | D:11     | Reached skill level 2 in Spellcasting
 11526 | D:11     | Reached skill level 3 in Fire Magic
 11531 | D:11     | Reached skill level 9 in Fighting
 11640 | D:11     | Noticed Urug
 11654 | D:11     | HP: 9/96 [Urug/+1 broad axe (11)]
 11657 | D:11     | Killed Urug
 11658 | D:11     | Reached skill level 4 in Fire Magic
 11749 | D:11     | Found a gate leading to a gauntlet.
 11750 | D:11     | Noticed Josephine
 11754 | Gauntlet | Entered a Gauntlet
 11754 | Gauntlet | Found a transporter.
 11761 | Gauntlet | Noticed a tengu warrior
 11764 | Gauntlet | Found a transporter.
 11765 | Gauntlet | Found a transporter.
 11773 | Gauntlet | Found a transporter.
 11773 | Gauntlet | Noticed a shining eye
 11777 | Gauntlet | Found a transporter.
 11785 | Gauntlet | Found a transporter.
 11789 | Gauntlet | Found a transporter.
 11800 | Gauntlet | Found a transporter.
 11801 | Gauntlet | Found a transporter.
 11806 | Gauntlet | Noticed a fire crab
 11807 | Gauntlet | Found a runed translucent gate.
 11809 | Gauntlet | Found a runed translucent gate.
 11809 | Gauntlet | Found a transporter.
 11811 | Gauntlet | Found a runed translucent gate.
 11840 | Gauntlet | Found a transporter.
 11852 | Gauntlet | Found a transporter.
 11865 | Gauntlet | Found a transporter.
 11878 | Gauntlet | Found a transporter.
 11932 | Gauntlet | Killed a tengu warrior
 12135 | Gauntlet | Reached skill level 5 in Fire Magic
 12191 | Gauntlet | Reached skill level 10 in Fighting
 12413 | Gauntlet | Killed a fire crab
 12415 | Gauntlet | Reached XP level 12. HP: 74/89 MP: 15/15
 12428 | Gauntlet | Reached skill level 11 in Fighting
 12591 | Gauntlet | Identified the ring "Leam Rapp" {Will+ rCorr Int+6 SInv
                  | Stlth+}
 12591 | Gauntlet | Noticed a minotaur
 12605 | Gauntlet | Killed a minotaur
 13094 | D:11     | Killed Josephine
 13117 | D:11     | Reached skill level 12 in Fighting
 13271 | D:11     | Noticed Snorg
 13281 | D:11     | Killed Snorg
 13282 | D:11     | Reached skill level 6 in Fire Magic
 13402 | D:11     | Found a staircase to the Orcish Mines.
 13562 | D:11     | You fall into a shaft and drop 1 floor!
 13721 | D:11     | Reached skill level 3 in Dodging
 13744 | D:11     | Found a basalt altar of Yredelemnul.
 13746 | D:11     | Identified 3 potions of resistance
 13800 | Lair:1   | Entered Level 1 of the Lair of Beasts
 13958 | Lair:1   | Reached skill level 4 in Dodging
 13965 | Lair:1   | Reached skill level 9 in Unarmed Combat
 14724 | Lair:1   | Reached skill level 10 in Unarmed Combat
 15007 | Lair:2   | Reached skill level 3 in Air Magic
 15013 | Lair:2   | Learned a level 5 spell: Freezing Cloud
 15046 | Lair:2   | Reached skill level 1 in Ice Magic
 15128 | Lair:2   | Reached XP level 13. HP: 70/97 MP: 16/16
 15136 | Lair:2   | Reached skill level 3 in Conjurations
 15136 | Lair:2   | Reached skill level 2 in Ice Magic
 15140 | Lair:2   | HP: 10/116 [yak (5)]
 15145 | Lair:2   | HP: 10/116 [poisoned by a water moccasin]
 15147 | Lair:2   | Reached skill level 4 in Air Magic
 15284 | Lair:2   | Reached skill level 3 in Ice Magic
 15290 | Lair:2   | Reached skill level 4 in Conjurations
 15362 | Lair:2   | Reached skill level 4 in Ice Magic
 15683 | Lair:2   | Found a dark tunnel.
 15856 | Lair:2   | Noticed Nergalle
 15874 | Lair:2   | Killed Nergalle
 15875 | Lair:2   | Reached skill level 3 in Spellcasting
 16041 | Lair:2   | Reached skill level 5 in Conjurations
 16041 | Lair:2   | Reached skill level 5 in Ice Magic
 16041 | Lair:2   | Reached skill level 5 in Air Magic
 16063 | Lair:2   | HP: 6/116 [death yak (19)]
 16444 | Lair:2   | Reached skill level 5 in Dodging
 16930 | D:9      | Mangled by a large slime creature

Vanquished Creatures
  A minotaur (Gauntlet)
  Snorg (D:11)
  Josephine (D:11)
  2 hydras (Lair:2)
  A two-headed ogre (D:11)
  A tengu warrior (Gauntlet)
  5 death yaks (Lair:2)
  Urug (D:11)
  Nergalle (Lair:2)
  A fire crab (Gauntlet)
  A deep elf pyromancer (D:9)
  A cyclops (D:12)
  2 centaur zombies (D:11)
  A meliai (Gauntlet)
  2 black mambas (Lair:2)
  5 cane toads
  Jeremiah (D:9)
  A rime drake (Lair:2)
  5 komodo dragons
  Maggie (D:6)
  2 tengu conjurers (Gauntlet)
  A hornet (D:8)
  A polar bear (Lair:2)
  A tyrant leech (Gauntlet)
  2 trolls
  A queen bee (Lair:2)
  10 blink frogs
  A shadow (D:10)
  Sigmund (D:3)
  2 vampires
  A spriggan (Lair:2)
  7 wraiths (D:11)
  41 yaks
  3 basilisks (Lair:1)
  2 wyverns
  4 fire bats (Gauntlet)
  A steam dragon (D:8)
  5 vampire mosquitoes
  3 swamp worms (Gauntlet)
  Edmund (D:4)
  Menkaure (D:5)
  6 water moccasins
  3 hell hounds (Gauntlet)
  Duvessa (D:4)
  4 ice beasts
  9 orc warriors
  2 sky beasts
  3 ogres
  2 centaurs
  5 wolves (Lair:1)
  3 kobold brigands
  2 phantoms (D:5)
  Blork the orc (D:4)
  8 bullfrogs
  3 gnoll sergeants (D:9)
  4 scorpions
  4 wights (D:8)
  Dowan (D:4)
  24 killer bees (Lair:2)
  A howler monkey (D:9)
  6 hounds
  6 orc priests
  A gnoll bouda (D:9)
  3 jellies
  2 sleepcaps
  Jessica (D:3)
  Ijyb (D:4)
  7 hell rats (Lair:2)
  5 iguanas
  11 orc wizards
  16 gnolls
  9 adders
  A shadow imp (D:5)
  A white imp (D:6)
  A ribbon worm (D:4)
  5 dart slugs
  36 orcs
  11 endoplasms
  7 giant cockroaches
  12 hobgoblins
  6 jackals (D:4)
  2 quokkas
  5 ball pythons
  6 bats
  5 frilled lizards (D:2)
  7 goblins
  23 kobolds
  8 rats
416 creatures vanquished.

Vanquished Creatures (others)
  A killer bee (Lair:2)
  2 orcs (D:8)
  A bat (D:3)
4 creatures vanquished.

Grand Total: 420 creatures vanquished

Table legend: (Time is in decaauts)
 A = Elapsed time spent in this place.
 B = Non-inter-level travel time spent in this place.
 C = Inter-level travel time spent in this place.
 D = Time resting spent in this place.
 E = Time spent auto-exploring this place.
 F = Levels seen in this place.
 G = Mean time per level.
                   A        B        C        D        E       F      G
               +--------+--------+--------+--------+--------+-----+--------+
         Total |  16814 |  16295 |    519 |   3825 |   9526 |  16 | 1050.9 |
       Dungeon |  12476 |  12071 |    405 |   2562 |   7422 |  12 | 1039.7 |
        Temple |      1 |      1 |      0 |      0 |      0 |   1 |    1.0 |
          Lair |   3017 |   2904 |    113 |    335 |   1917 |   2 | 1508.5 |
      Gauntlet |   1319 |   1319 |      0 |    928 |    187 |   1 | 1319.0 |
               +--------+--------+--------+--------+--------+-----+--------+

Top non-repeatable levels by time:
     D:8: 2060 daAuts
  Lair:2: 1624 daAuts
     D:4: 1441 daAuts
  Lair:1: 1392 daAuts
Gauntlet: 1319 daAuts
     D:7: 1305 daAuts
     D:9: 1262 daAuts
     D:3: 1217 daAuts
    D:11: 1089 daAuts
     D:2: 972 daAuts
     D:5: 960 daAuts
     D:1: 729 daAuts
     D:6: 700 daAuts
    D:10: 658 daAuts
    D:12: 80 daAuts

Table legend:
 A = Non-vault XP
 B = Vault XP
 C = Vault XP percentage of total XP
 D = Non-vault monster count
 E = Vault monster count
 F = Vault count percentage of total count
                 A         B        C        D         E       F
            +---------+---------+-------+---------+---------+-------
      Total |   27484 |   23593 |  46.2 |     291 |     125 |  30.0
            +---------+---------+-------+---------+---------+-------
        D:1 |      22 |       0 |   0.0 |      14 |       0 |   0.0
        D:2 |      42 |      90 |  68.2 |      20 |      15 |  42.9
        D:3 |      95 |     304 |  76.2 |      18 |      13 |  41.9
        D:4 |     432 |     509 |  54.1 |      27 |       5 |  15.6
        D:5 |    1038 |     157 |  13.1 |      20 |       1 |   4.8
        D:6 |     566 |     359 |  38.8 |      13 |       1 |   7.1
        D:7 |     912 |       0 |   0.0 |      17 |       0 |   0.0
        D:8 |    3576 |       0 |   0.0 |      28 |       0 |   0.0
        D:9 |    1820 |     428 |  19.0 |      33 |       2 |   5.7
       D:10 |    1450 |       0 |   0.0 |      19 |       0 |   0.0
       D:11 |    2390 |    5158 |  68.3 |      13 |      25 |  65.8
       D:12 |     534 |       0 |   0.0 |       1 |       0 |   0.0
     Lair:1 |    3947 |     591 |  13.0 |      18 |       2 |  10.0
     Lair:2 |   10660 |   10298 |  49.1 |      50 |      44 |  46.8
   Gauntlet |       0 |    5699 | 100.0 |       0 |      17 | 100.0
            +---------+---------+-------+---------+---------+-------
